 Dungeon Crawl Stone Soup version 0.32-a0-468-g38b2580584 (webtiles) character file.

Game seed: 2276030435114464869

161 ezpacito the Trooper (level 5, -1/41 HPs)
             Began as a Demonspawn Chaos Knight on Feb 25, 2024.
             Was a Plaything of Xom.
             Slain by an iguana (4 damage)
             ... on level 4 of the Dungeon.
             The game lasted 00:02:54 (2633 turns).

ezpacito the Trooper (Demonspawn Chaos Knight)      Turns: 2633, Time: 00:02:55

Health: -1/41      AC:  7    Str: 14    XL:     5   Next: 18%
Magic:  6/6        EV: 11    Int: 12    God:    Xom [..*...]
Gold:   167        SH:  0    Dex: 13    Spells: 6/6 levels left

rFire   . . .        a - +0 hand axe (chaos)
rCold   . . .        (no shield)
rNeg    . . .        b - +2 leather armour
rPois   .            (no helmet)
rElec   .            (no cloak)
rCorr   .            (no gloves)
SInv    .            (no boots)
Will    .....        (no amulet)
Stlth   +            (no ring)
HPRegen 0.26/turn    (no ring)
MPRegen 0.10/turn

%: no passive effects
@: no status effects
A: claws 1, slimy green scales 1, spiny 1
a: Renounce Religion


You were on level 4 of the Dungeon.
You worshipped Xom.
You were a toy of Xom.
You visited 1 branch of the dungeon, and saw 4 of its levels.

You collected 167 gold pieces.

Inventory:

Hand Weapons
 a - a +0 hand axe of chaos (weapon)
Missiles
 f - 3 javelins (quivered)
 l - 3 poisoned darts
 n - a throwing net
Armour
 b - a +2 leather armour (worn)
 j - a +0 chain mail
Scrolls
 c - 4 scrolls of butterflies
 d - 2 scrolls of identify {unknown}
 m - a scroll of enchant armour {unknown}
Potions
 e - a potion of degeneration {unknown}
 h - a potion of heal wounds {unknown}
 i - a potion of lignification {unknown}
 k - a potion of haste {unknown}


   Skills:
 * Level 3.5 Fighting
 * Level 3.2(3.3) Axes
 + Level 0.8(2.2) Polearms
 + Level 0.9 Throwing
 * Level 2.4 Armour
 * Level 1.7 Dodging
 + Level 1.1 Stealth
 * Level 1.0 Unarmed Combat
 * Level 1.3 Spellcasting


You had 6 spell levels left.
You didn't know any spells.
Your spell library contained the following spells:

 Spells                   Type           Power      Damage    Failure   Level
 Shock                    Conj/Air       0%         1d3       36%         1
 Blink                    Tloc           0%         N/A       50%         2
 Lesser Beckoning         Tloc           0%         N/A       50%         2
 Momentum Strike          Conj/Tloc      0%         3d8       50%         2
 Swiftness                Air            0%         N/A       73%         3
 Airstrike                Air            0%         2d(0-16)  98%         4


Dungeon Overview and Level Annotations

Branches:
Dungeon (4/15)
 Temple: D:4-7

Altars:
Nemelex Xobeh

Shops:
D:1 (


Innate Abilities, Weirdness & Mutations

You have sharp fingernails.
You are partially covered in slimy green scales. (AC +2)
You are partially covered in sharp spines.


Message History

The adder is heavily wounded.
The adder bites you.
You are poisoned.
The adder poisons you! The adder bites you but does no damage.
You barely miss the adder.
The adder is heavily wounded.
You feel sick. The adder barely misses you.
You barely miss the adder.
The adder is severely wounded.
You feel sick. The adder closely misses you.
An iguana comes into view.
The adder bites you.
You closely miss the adder.
The adder is severely wounded.
You barely miss the orc.
You feel sick.
You kill the adder!
The orc is struck by your spines. The orc hits you with a +0 falchion.
The iguana hisses angrily.
You closely miss the orc.
The orc is heavily wounded.
You hit the iguana.
The iguana is poisoned.
You feel sick. The orc is struck by your spines.
The orc hits you with a +0 falchion. The iguana barely misses you.
The iguana is struck by your spines. The iguana bites you!
The orc is struck by your spines.
You kill the orc!
You barely miss the iguana.
The iguana is moderately wounded.
You feel sick.
The iguana bites you but does no damage.
You closely miss the iguana.
The iguana is moderately wounded.
You feel sick.
You are no longer poisoned.
The iguana bites you!
* * * LOW HITPOINT WARNING * * *
You hit the iguana. You burn the iguana.
The iguana is severely wounded.
The iguana bites you.
You die...
Xom yawns loudly!

#.[......
#.......#
#.......#
.......#
......#
.....#
#.#..#
#.#..####..
#.l@)......
###.†####..
#..# #..#
#..# #..#
#..# #..#
#..#


You could see an iguana (poisoned).

Vanquished Creatures
  A howler monkey (D:4)
  3 gnolls (D:3)
  4 adders
  3 dart slugs
  An orc (D:4)
  4 bats
  4 endoplasms
  2 giant cockroaches
  3 goblins
  5 hobgoblins
  A quokka (D:2)
  6 ball pythons
  2 frilled lizards (D:1)
  8 kobolds
  4 rats
51 creatures vanquished.

Notes
Turn   | Place    | Note
-------+----------+-------------------------------------------
     0 | D:1      | ezpacito the Demonspawn Chaos Knight began the quest for
                  | the Orb.
     0 | D:1      | Reached XP level 1. HP: 18/18 MP: 1/1
   114 | D:1      | Reached skill level 1 in Dodging
   179 | D:1      | XOM: silly message
   272 | D:1      | Gained mutation: You have sharp fingernails. [demonic
                  | ancestry]
   272 | D:1      | Reached XP level 2. HP: 24/24 MP: 2/2
   522 | D:1      | Found Konoweph's Weapon Boutique.
   820 | D:1      | XOM: silly message
  1100 | D:2      | Gained mutation: You are partially covered in slimy green
                  | scales. (AC +2) [demonic ancestry]
  1100 | D:2      | Reached XP level 3. HP: 15/29 MP: 3/3
  1180 | D:2      | XOM: 1-stop teleportation journey
  1292 | D:2      | Found a sparkling altar of Nemelex Xobeh.
  1352 | D:2      | XOM: cast spell 'Olgreb's Toxic Radiance'
  1812 | D:3      | Gained mutation: You are partially covered in sharp spines.
                  | [demonic ancestry]
  1812 | D:3      | Reached XP level 4. HP: 35/35 MP: 5/5
  2291 | D:3      | Reached skill level 1 in Spellcasting
  2325 | D:3      | XOM: silly message
  2622 | D:4      | Reached skill level 1 in Stealth
  2622 | D:4      | Reached skill level 1 in Unarmed Combat
  2622 | D:4      | Reached XP level 5. HP: 35/41 MP: 6/6
  2633 | D:4      | Slain by an iguana

Illustrated notes

Levels and vault maps discovered:
D:1:      denvon_arrival_planthouse, layout_basic, serial_shops,
          nicolae_shop_stone
D:2:      layout_loops_ring, basic_altar
D:3:      layout_loops_corners
D:4:      layout_loops_ring, cheibrodos_worm_habitat, uniq_grinder

Skill      XL: |  1  2  3  4 |
---------------+-------------+-----
Dodging        | 1 |  1.7
Armour         | 2 |  2.4
Axes           | 3 |  3.2
Spellcasting   | 1 |  1.3
Stealth        | 1 |  1.1
Unarmed Combat | 1 |  1.0
Fighting       | |  3.5
Polearms       | |  0.8
Throwing       | |  0.9

Action                     |  1- 3 |  4- 6 || total
---------------------------+-------+-------++-------
  Melee: Hand axe          |   110 |    39 ||   149
   Stab: Sleeping          |     2 |     1 ||     3
         Confused          |     1 |       ||     1
 Armour: Leather armour    |    71 |    28 ||    99
  Dodge: Dodged            |    60 |    14 ||    74

Table legend: (Time is in decaauts)
 A = Elapsed time spent in this place.
 B = Non-inter-level travel time spent in this place.
 C = Inter-level travel time spent in this place.
 D = Time resting spent in this place.
 E = Time spent auto-exploring this place.
 F = Levels seen in this place.
 G = Mean time per level.
                   A        B        C        D        E       F      G
               +--------+--------+--------+--------+--------+-----+--------+
         Total |   2655 |   2515 |    140 |      0 |   2138 |   4 |  663.8 |
       Dungeon |   2655 |   2515 |    140 |      0 |   2138 |   4 |  663.8 |
               +--------+--------+--------+--------+--------+-----+--------+

Top non-repeatable levels by time:
     D:1: 1085 daAuts
     D:3: 819 daAuts
     D:2: 708 daAuts
     D:4: 42 daAuts
